 Dungeon Crawl Stone Soup version 0.25-a0-356-g7c9d860b3b (webtiles) character file.

Game seed: 7461901611354579229, levelgen mode: deterministic

2548 Borgoz the Cleaver (level 9, -1/57 HPs)
             Began as a Gargoyle Gladiator on Jan 3, 2020.
             Was a Priest of Makhleb.
             Killed themself with a badly aimed fireball (6 damage)
             ... on level 7 of the Dungeon.
             The game lasted 00:08:54 (5676 turns).

Borgoz the Cleaver (Gargoyle Gladiator)             Turns: 5676, Time: 00:08:54

Health: -1/57      AC: 16    Str: 22      XL:     9   Next: 56%
Magic:  9/9        EV: 18    Int:  6 (8)  God:    Makhleb [***...]
Gold:   408        SH:  4    Dex: 16      Spells: 8/8 levels left

rFire    . . .     SeeInvis .   a - +1 hand axe (vamp)
rCold    . . .     Gourm    .   (no shield)
rNeg     + . .     Faith    .   t - +0 scale mail
rPois    ∞         Spirit   .   q - +0 helmet
rElec    +         Reflect  +   (no cloak)
rCorr    .         Harm     .   (no gloves)
MR       .....                  B - +0 pair of boots
Stlth    +.........             E - +4 amulet of reflection
HPRegen  0.19/turn              k - +2 ring of evasion
MPRegen  0.11/turn              (no ring)

@: agile
A: negative energy resistance 1, electricity resistance, unbreathing,
petrification resistance, rot immunity, AC +6
a: Minor Destruction, Lesser Servant of Makhleb, Renounce Religion


You were on level 7 of the Dungeon.
You worshipped Makhleb.
Makhleb was most pleased with you.
You were hungry.

You visited 1 branch of the dungeon, and saw 7 of its levels.

You collected 408 gold pieces.

Inventory:

Hand Weapons
 a - a +1 vampiric hand axe (weapon)
 b - a +1 mace of draining
 m - a +0 war axe
 u - a +5 battleaxe
Missiles
 d - 2 throwing nets (quivered)
Armour
 q - a +0 helmet (worn)
 t - a +0 scale mail (worn)
 B - a +0 pair of boots (worn)
Jewellery
 k - a +2 ring of evasion (left hand)
 E - a +4 amulet of reflection (around neck)
 H - an uncursed amulet of harm {unknown}
Wands
 c - a wand of enslavement (9)
 z - a wand of polymorph (8)
 F - a wand of random effects (17)
Scrolls
 e - 5 scrolls of remove curse
 h - 3 scrolls of magic mapping {unknown}
 j - 4 scrolls of identify {unknown}
 l - 2 scrolls of random uselessness {unknown}
 n - a scroll of blinking {unknown}
 r - a scroll of noise {unknown}
 v - 3 scrolls of fear {unknown}
 x - a scroll of immolation {unknown}
 y - 3 scrolls of teleportation {unknown}
 A - a scroll of enchant weapon {unknown}
 C - a scroll of fog {unknown}
Potions
 g - a potion of haste
 o - a potion of brilliance {unknown}
 p - 2 potions of flight {unknown}
 s - 2 potions of degeneration
 D - a potion of agility
Comestibles
 f - 15 rations
 G - a chunk of flesh


   Skills:
 + Level 7.2 Fighting
 * Level 8.7 Axes
 - Level 1.7 Throwing
 + Level 6.7 Armour
 - Level 2.4 Dodging


You had 8 spell levels left.
You didn't know any spells.
Your spell library was empty.

Dungeon Overview and Level Annotations

Branches:
Dungeon (7/15)             Temple (0/1) D:7

Altars:
Ashenzari
Elyvilon
Fedhas
Makhleb
Ru
Trog
Uskayaw
Wu Jian

Annotations:
D:3 3 runed translucent doors, Thantalas's ghost, amateur TeSu; emiel's ghost, amateur GnWr; mopl's ghost, amateur DrAE; night's ghost, amateur OpFi
D:7 Harold


Innate Abilities, Weirdness & Mutations

You are resistant to torment.
Your stone body is resilient. (AC +6)
You are immune to poison.
You resist negative energy. (rN+)
You are resistant to electric shocks. (rElec)
You can survive without breathing.
You are immune to petrification.
You are immune to rotting.


Message History

Harold zaps a wand.
You suddenly lose the ability to move!
Harold hits you with a +0 halberd! x2
* * * LOW HITPOINT WARNING * * *
Harold hits you with a +0 halberd.
* * * LOW HITPOINT WARNING * * *
Harold zaps a wand.
You resist with some effort.
The now-empty wand crumbles to dust.
The sentinel's mark upon you fades away.
Harold says, "I was hoping my final job would be more of a challenge, but money is money."
Harold hits you with a +0 halberd!
* * * LOW HITPOINT WARNING * * *
You can move again.
Evoke which item? (* to show all) (? for menu, Esc to quit)
Aiming: Random Effects
Press: ? - help, Shift-Dir - straight line, f/p - Harold
Aim: Harold, wielding a +0 halberd, wearing a +0 scale mail and quivering a throwing net (heavily wounded)
The fireball explodes!
The fireball engulfs Harold.
Harold is severely wounded.
The fireball engulfs you.
You die...

.#.##
#.#..##.>..###.
.#..# #.#.....#.##
#...###.........#
..#...[...####..##
..#.......# #...#
#.#..<###.## #.#.#
....### #..###.#.#
...## ##..##.#.#
.÷.# ##.##.#@#
...# #.#..#@# .†.#
#...##.# #.##
#..###.# .... ####
#(. .... ### ....#
>...# ....#


You could see Harold.

Vanquished Creatures
  Menkaure (D:7)
  A water moccasin (D:6)
  A sky beast (D:5)
  An orc warrior (D:6)
  4 ogres
  An ice beast (D:5)
  A big kobold (D:7)
  5 bullfrogs
  3 scorpions
  4 wights
  2 crimson imps
  A gnoll shaman (D:5)
  A hound (D:7)
  A centaur skeleton (D:6)
  4 orc priests
  3 orc wizards
  A bullfrog skeleton (D:6)
  3 iguanas
  7 worker ants
  2 worker ant zombies (D:7)
  Robin (D:2)
  7 gnolls
  11 adders
  A howler monkey skeleton (D:6)
  A shadow imp (D:7)
  An ooze (D:7)
  3 adder skeletons
  A worm (D:2)
  2 dart slugs
  6 leopard geckos
  17 orcs
  3 ball pythons
  3 giant cockroaches
  16 goblins
  14 hobgoblins
  7 jackals
  5 quokkas
  5 bats
  3 frilled lizards
  11 kobolds
  A leopard gecko skeleton (D:6)
  A leopard gecko zombie (D:5)
  15 rats
182 creatures vanquished.

Vanquished Creatures (others)
  2 withered plants (D:3)
2 creatures vanquished.

Grand Total: 184 creatures vanquished

Notes
Turn   | Place    | Note
-------+----------+-------------------------------------------
     0 | D:1      | Borgoz the Gargoyle Gladiator began the quest for the Orb.
     0 | D:1      | Reached XP level 1. HP: 12/12 MP: 1/1
    65 | D:1      | Reached XP level 2. HP: 18/18 MP: 2/2
    68 | D:1      | Reached skill level 3 in Axes
   199 | D:1      | Reached skill level 1 in Armour
   420 | D:1      | Reached XP level 3. HP: 21/22 MP: 3/3
   839 | D:2      | Found an ornate altar of the Wu Jian Council.
   875 | D:2      | Noticed Robin
   891 | D:2      | Killed Robin
   891 | D:2      | Reached XP level 4. HP: 23/27 MP: 4/4
  1035 | D:2      | Found a hide-covered altar of Uskayaw.
  1118 | D:2      | Reached skill level 4 in Axes
  1119 | D:2      | Found a burning altar of Makhleb.
  1120 | D:2      | Found a sacrificial altar of Ru.
  1126 | D:2      | Became a worshipper of Makhleb the Destroyer
  1444 | D:2      | Reached XP level 5. HP: 31/32 MP: 5/5
  1496 | D:3      | Noticed an ogre
  1580 | D:3      | Reached * piety under Makhleb
  1908 | D:3      | You fall into a shaft and drop 3 floors!
  1908 | D:6      | Found a blossoming altar of Fedhas.
  1956 | D:6      | Reached XP level 6. HP: 33/38 MP: 6/6
  1987 | D:5      | Entered Level 5 of the Dungeon
  2027 | D:5      | Reached skill level 5 in Axes
  2499 | D:3      | Found a white marble altar of Elyvilon.
  2700 | D:3      | Found a runed translucent gate.
  2700 | D:3      | Found a runed translucent gate.
  2700 | D:3      | Found a runed translucent gate.
  2700 | D:3      | Noticed mopl's ghost (amateur DrAE)
  2700 | D:3      | Noticed night's ghost (amateur OpFi)
  2701 | D:3      | Noticed emiel's ghost (amateur GnWr)
  2701 | D:3      | Noticed Thantalas's ghost (amateur TeSu)
  3039 | D:4      | Reached XP level 7. HP: 43/43 MP: 7/7
  3499 | D:5      | Reached ** piety under Makhleb
  3499 | D:5      | Reached skill level 5 in Fighting
  3499 | D:5      | Reached skill level 6 in Axes
  3561 | D:5      | Reached XP level 8. HP: 43/49 MP: 8/8
  3863 | D:5      | Reached skill level 5 in Armour
  4274 | D:6      | Reached skill level 7 in Axes
  4433 | D:6      | Reached XP level 9. HP: 32/56 MP: 9/9
  4694 | D:6      | Found a shattered altar of Ashenzari.
  4731 | D:5      | Reached skill level 8 in Axes
  5063 | D:6      | Reached *** piety under Makhleb
  5130 | D:6      | Found a bloodstained altar of Trog.
  5416 | D:7      | Noticed Menkaure
  5436 | D:7      | Killed Menkaure
  5442 | D:7      | Found a staircase to the Ecumenical Temple.
  5631 | D:7      | Noticed Harold
  5645 | D:7      | HP: 1/57 [Harold/+0 halberd (9)]
  5669 | D:7      | Paralysed by Harold for 6 turns
  5676 | D:7      | Killed themself with a badly aimed fireball

Levels and vault maps discovered:
D:1:      kennysheep_arrival_forest, layout_basic
D:2:      layout_basic, eat_drink_and_be_merry_uskayaw, old_standard_altar,
          gammafunk_temple_overflow_statue, minmay_rat_gold_closets, uniq_robin
D:3:      layout_basic, elyvilon_altar_1, gammafunk_ghost_cemetery, first_ration
D:4:      layout_rooms
D:5:      minmay_inner_zag, layout_basic, kennysheep_nub
D:6:      layout_rooms, old_standard_altar, lemuel_coloured_pillars_altar,
          basic_altar, roderic_roman_lattice
D:7:      layout_rooms, minmay_temple_entry_mini_moons, uniq_menkaure,
          uniq_harold

Skill      XL: |  1  2  3  4  5  6  7  8  9 |
---------------+----------------------------+-----
Axes           | 3 4 5 6 7 8 |  8.7
Armour         | 1 2 3 4 5 6 |  6.7
Fighting       | 3 4 5 6 7 |  7.2
Throwing       | |  1.7
Dodging        | |  2.4

Action                   |  1- 3 |  4- 6 |  7- 9 || total
-------------------------+-------+-------+-------++-------
Melee: War axe           |   108 |   157 |       ||   265
       Hand axe          |       |    39 |   532 ||   571
Throw: Throwing net      |       |     1 |     3 ||     4
  Use: Potion            |       |     1 |     7 ||     8
       Scroll            |       |     1 |     1 ||     2
 Stab: Held in net/web   |       |       |     2 ||     2
  Eat: Chunk             |       |     7 |     9 ||    16
Armor: Leather armour    |    16 |       |       ||    16
       Ring mail         |    35 |    57 |       ||    92
       Scale mail        |       |    32 |   206 ||   238
Dodge: Dodged            |   102 |   154 |   272 ||   528
Block: Other             |       |       |    46 ||    46
       Reflection        |       |       |     1 ||     1

Table legend:
 A = Non-vault XP
 B = Vault XP
 C = Vault XP percentage of total XP
 D = Non-vault monster count
 E = Vault monster count
 F = Vault count percentage of total count
                 A         B        C        D         E       F
            +---------+---------+-------+---------+---------+-------
      Total |    3308 |     332 |   9.1 |     161 |      21 |  11.5
            +---------+---------+-------+---------+---------+-------
        D:1 |      47 |       0 |   0.0 |      25 |       0 |   0.0
        D:2 |      93 |      39 |  29.5 |      24 |      18 |  42.9
        D:3 |     202 |       0 |   0.0 |      21 |       0 |   0.0
        D:4 |     204 |       0 |   0.0 |      17 |       0 |   0.0
        D:5 |    1024 |     121 |  10.6 |      28 |       2 |   6.7
        D:6 |    1300 |       0 |   0.0 |      27 |       0 |   0.0
        D:7 |     438 |     172 |  28.2 |      19 |       1 |   5.0
            +---------+---------+-------+---------+---------+-------
